AoeStats
← FexMaya

Arabian Desert

509002755Analyzed
1v1 RM · 8d ago on Sep 25, 2026· 36m 28s· 2 players
Game mode
Random Map
Map size
Tiny (2 player)
Population
200
Speed
Normal
Resources
Standard
Victory
Conquest
Starting age
Dark Age
Ending age
Imperial Age
RankedLock teamsTeams togetherTeam positionsShared explorationLock speedFull tech treeHidden civsTurbo modeCheats
Victory
Defeat
🇵🇪 Danes · Peru
826
+16
🇬🇹 Romans · Guatemala
830
-16
LewisWar96
4:29 Loom
9:25 Feudal Age
10:49 Arson
11:10 Man-at-Arms
11:49 Double-Bit Axe
14:23 Town Watch
16:22 Scale Mail Armor
24:37 Forging
26:36 Wheelbarrow
28:08 Gold Mining
29:27 Fletching
31:34 Bloodlines
36:29 Castle Age
35:14 Padded Archer Armor
FexMaya
7:54 Loom
10:03 Feudal Age
11:23 Double-Bit Axe
11:48 Man-at-Arms
18:00 Forging
18:40 Fletching
22:43 Castle Age
21:11 Horse Collar
24:45 Squires
24:06 Long Swordsman
25:06 Gold Mining
26:00 Long Swordsman
27:10 Town Watch
28:12 Heavy Plow
28:50 Elite Skirmisher
28:57 Pikeman
31:23 Fervor
31:34 Stone Mining
Connection lost

Rejoining the realm…

Still unreachable

The connection could not be restored.

Session expired

The server has moved on; the page needs a fresh start.